Oilers vs Senators

Created - Friday, February 05, 2016 at 02:28

Goals
1 2 3 T
Oilers 0 3 1 4
Senators 0 1 2 3
Shots
1 2 3 T
Oilers 10 10 7 27
Senators 6 11 8 25

1st period

No Goal

Penalties :
Dion Phaneuf (Ott) for Boarding (Minor) at 0:38, Ryan McDonagh (Edm) for High sticking (Minor) at 5:22, Dion Phaneuf (Ott) for Tripping (Minor) at 6:17, Lars Eller (Edm) for Tripping (Minor) at 11:47, Andrew MacDonald (Edm) for Holding (Minor) at 18:43

2nd period

1. Senators , Tyler Myers 10 (Dion Phaneuf, Jarome Iginla) at 0:36 (PP)
2. Oilers , Pavel Datsyuk 20 (Niklas Hjalmarsson) at 0:49
3. Oilers , Patrick Marleau 17 (Brayden McNabb, Trevor Lewis) at 3:03
4. Oilers , James Wisniewski 4 (Nick Foligno, Nicklas Backstrom) at 3:35 (PP)

Penalties :
Dion Phaneuf (Ott) for Hooking (Minor) at 3:08, Tyler Myers (Ott) for Holding (Minor) at 11:35, Dion Phaneuf (Ott) for Tripping (Minor) at 12:52, Zach Bogosian (Ott) for Holding (Minor) at 17:54

3rd period

5. Oilers , Pavel Datsyuk 21 (Patrick Marleau) at 11:09 (PP)
6. Senators , Zach Bogosian 6 (Phil Kessel, Dion Phaneuf) at 13:40 (PP)
7. Senators , Jarome Iginla 26 (Boone Jenner) at 14:10 (PP)

Penalties :
Griffin Reinhart (Ott) for Boarding (Minor) at 2:48, Zach Bogosian (Ott) for Hooking (Minor) at 5:30, Dion Phaneuf (Ott) for Hooking (Minor) at 10:53, Jason Demers (Edm) for Holding Stick (Minor) at 12:22, James Wisniewski (Edm) for Hooking (Minor) at 13:49, Boone Jenner (Ott) for Roughing (Minor) at 14:19

Goalie Stats

Jaroslav Halak (Edm), 22 saves from 25 shots - (0.880), W, 32-12-5, 60:00 minutes
Steve Mason (Ott), 23 saves from 27 shots - (0.852), L, 26-14-6, 59:51 minutes

Players Stats for Oilers

Player Name              G  A  P  +/- PIM S  H  SB GA TA FO     MP     PP MP  PK MP  
------------------------------------------------------------------------------------
Andrew Ladd              0  0  0   1  0   0  1  0  2  1  0/2    19:31   7:30   0:00 
Andrew MacDonald         0  0  0   1  2   0  1  1  0  1  0/0    12:18   0:00   0:00 
Brayden McNabb           0  1  1   1  0   2  3  0  0  0  0/0    14:08   0:00   2:24 
Brayden Schenn           0  0  0   1  0   1  0  0  1  0  1/2    10:36   0:00   0:00 
Darren Helm              0  0  0   0  0   2  0  1  1  0  0/0    12:14   0:00   1:08 
David Desharnais         0  0  0   0  0   0  0  0  0  0  3/3     3:03   1:37   0:00 
James Wisniewski         1  0  1   0  2   1  1  1  0  3  0/0    26:02   8:16   4:15 
Jason Demers             0  0  0   1  2   0  3  1  0  1  0/0    20:32   6:33   0:32 
Lars Eller               0  0  0   1  2   1  1  1  0  0  6/8    18:33   4:31   1:47 
Milan Michalek           0  0  0   0  0   1  2  0  4  0  3/3    14:59   0:00   3:31 
Nick Bonino              0  0  0   0  0   1  0  3  0  0  6/6    17:37   1:39   3:31 
Nick Foligno             0  1  1   0  0   3  2  1  3  1  0/0    18:47   7:02   0:00 
Nicklas Backstrom        0  1  1   0  0   2  2  0  1  0  11/21  18:19   7:02   0:00 
Niklas Hjalmarsson       0  1  1   1  0   1  0  3  0  3  0/0    21:51   6:33   1:50 
Patrick Marleau          1  1  2   1  0   2  1  1  1  0  0/0    15:18   7:47   2:55 
Pavel Datsyuk            2  0  2   1  0   8  2  0  5  0  12/17  19:49   7:19   0:00 
Ryan McDonagh            0  0  0   0  2   0  1  0  0  1  0/0    25:03   8:16   3:51 
Trevor Lewis             0  1  1   1  0   2  1  0  0  0  0/0     3:40   0:00   0:00 

Players Stats for Senators

Player Name              G  A  P  +/- PIM S  H  SB GA TA FO     MP     PP MP  PK MP  
------------------------------------------------------------------------------------
Boone Jenner             0  1  1   0  2   4  2  2  1  3  7/22   23:27   3:56   8:20 
Bryan Bickell            0  0  0  -1  0   5  0  1  1  0  0/0     7:37   0:00   0:00 
Dave Bolland             0  0  0  -1  0   1  1  0  0  0  2/6     8:34   0:00   0:00 
Dion Phaneuf             0  2  2   0  10  1  2  2  0  4  0/0    25:49   4:16   7:06 
Griffin Reinhart         0  0  0  -1  2   0  0  0  0  0  0/0    11:57   0:00   0:29 
Jake Gardiner            0  0  0  -1  0   0  2  2  0  0  0/0    12:01   0:00   0:19 
Jarome Iginla            1  1  2   0  0   6  2  0  4  0  1/1    24:41   3:27   9:31 
Johnny Oduya             0  0  0  -1  0   1  1  0  0  1  0/0    23:16   2:09   7:25 
Kyle Chipchura           0  0  0  -1  0   1  2  1  1  0  3/8     8:21   0:00   0:44 
Kyle Turris              0  0  0   0  0   1  0  1  1  0  4/11   16:52   2:30   3:17 
Loui Eriksson            0  0  0   0  0   0  1  1  2  0  0/1    13:03   2:30   0:22 
Michael Grabner          0  0  0  -1  0   0  0  1  2  0  1/8    14:47   3:56   1:39 
Mike Santorelli          0  0  0  -1  0   0  0  1  1  0  1/1     7:37   0:00   0:00 
Phil Kessel              0  1  1   0  0   0  1  0  7  0  1/3    18:10   2:30   4:31 
Tomas Jurco              0  0  0   0  0   0  1  0  0  1  0/0     8:46   0:00   0:00 
Tyler Myers              1  0  1   0  2   2  1  1  0  1  0/0    27:24   4:17   8:23 
Zach Bogosian            1  0  1  -1  4   1  4  1  0  1  0/0    21:29   2:09   6:27 
Zack Kassian             0  0  0  -1  0   2  2  0  0  0  0/1     9:19   0:29   0:00 

3 Stars

1 - Pavel Datsyuk (Edm)
2 - Patrick Marleau (Edm)
3 - Jarome Iginla (Ott)

Power Play

Oilers - 2 on 10 Attempt(s) - 20.00%
Senators - 3 on 5 Attempt(s) - 60.00%

Penalty Kill

Oilers - 2 on 5 Attempt(s) - 40.00% - Score 0 goal in Penalty Kill
Senators - 8 on 10 Attempt(s) - 80.00% - Score 0 goal in Penalty Kill

Team Stat

Oilers - Hits : 21 - Faceoff Wins : 42 - Blocked Shots : 13 - Penalty Minutes : 10
Senators - Hits : 22 - Faceoff Wins : 20 - Blocked Shots : 14 - Penalty Minutes : 20

Official

Referees : Unknown
Linesman : Unknown

Game Notes

David Desharnais is injured at 8:53 of 1st period (Broken Bone (Right Leg))

Finance

Level 1 -- Attendance: 5313 (88.55%) -- Ticket Income $451,605
Level 2 -- Attendance: 4352 (87.04%) -- Ticket Income $226,304
Level 3 -- Attendance: 1907 (95.35%) -- Ticket Income $59,117
Level 4 -- Attendance: 4000 (100.00%) -- Ticket Income $68,000
Luxury Box -- Attendance: 858 (85.80%) -- Ticket Income $150,150
Game was played at the Scotiabank Place.
Total Attendance: 16430 (91.28%)
Total Ticket Income: $955,176
Other Income: $468,036
Total Income: $1,423,212

Oilers

5 vs 5 Forward 
   Center                   Left Wing                Right Wing               Time % Phy DF OF 
 1 Nicklas Backstrom        Nick Bonino              Nick Foligno             33     0   1  4  
 2 Pavel Datsyuk            Andrew Ladd              Brayden Schenn           33     0   1  4  
 3 David Desharnais         Milan Michalek           Darren Helm              25     0   1  4  
 4 Lars Eller               Trevor Lewis             Patrick Marleau          9      1   2  2  

5 vs 5 Defense 
   Defense                  Defense                                           Time % Phy DF OF 
 1 Ryan McDonagh            James Wisniewski                                  35     1   4  0  
 2 Niklas Hjalmarsson       Jason Demers                                      35     1   4  0  
 3 Andrew MacDonald         Brayden McNabb                                    30     1   4  0  
 4 Ryan McDonagh            James Wisniewski                                  0      1   4  0  

PowerPlay Forward 
   Center                   Left Wing                Right Wing               Time % Phy DF OF 
 1 Nicklas Backstrom        Andrew Ladd              Nick Foligno             50     1   2  2  
 2 Pavel Datsyuk            David Desharnais         Patrick Marleau          50     1   2  2  

PowerPlay Defense
   Defense                  Defense                                           Time % Phy DF OF 
 1 Ryan McDonagh            James Wisniewski                                  55     1   2  2  
 2 Niklas Hjalmarsson       Jason Demers                                      45     1   2  2  

Penalty Kill 4 Players Forward 
   Center                   Wing                     Time % Phy DF OF 
 1 Nick Bonino              Milan Michalek           50     1   4  0  
 2 Lars Eller               Patrick Marleau          50     1   4  0  

Penalty Kill 4 Players Defense
   Defense                  Defense                  Time % Phy DF OF 
 1 Ryan McDonagh            James Wisniewski         60     1   4  0  
 2 Niklas Hjalmarsson       Jason Demers             40     1   4  0  

Penalty Kill - 3 Players Forward 
   Forward                                           Time % Phy DF OF 
 1 Nick Bonino                                       60     1   2  2  
 2 Lars Eller                                        40     1   2  2  

Penalty Kill - 3 Players Defense
   Defense                  Defense                  Time % Phy DF OF 
 1 Ryan McDonagh            James Wisniewski         60     1   2  2  
 2 Niklas Hjalmarsson       Jason Demers             40     1   2  2  

4 vs 4 Forward 
   Center                   Wing                     Time % Phy DF OF 
 1 Nicklas Backstrom        Pavel Datsyuk            60     0   1  4  
 2 David Desharnais         Nick Foligno             40     0   1  4  

4 vs 4 Defense
   Defense                  Defense                  Time % Phy DF OF 
 1 Ryan McDonagh            James Wisniewski         60     1   4  0  
 2 Niklas Hjalmarsson       Jason Demers             40     1   4  0  

Last Minutes Offensive
   Center                   Left Wing                Right Wing               Defense                  Defense                  
   Nicklas Backstrom        Pavel Datsyuk            Nick Foligno             Andrew Ladd              James Wisniewski         

Last Minutes Defensive
   Center                   Left Wing                Right Wing               Defense                  Defense                  
   Nick Bonino              Andrew Ladd              Nick Foligno             Ryan McDonagh            James Wisniewski         

Goaltenders
Starting : Jaroslav Halak           
Backup : Jeremy Smith             

Extra Forwards
Normal : Lars Eller, Nick Bonino, Darren Helm - PP : Lars Eller, Nick Bonino - PK : Darren Helm
Extra Defensemen
Normal : Andrew MacDonald, Brayden McNabb, Niklas Hjalmarsson - PP : Andrew MacDonald - PK : Brayden McNabb, Niklas Hjalmarsson
Penalty Shots
Patrick Marleau, Nicklas Backstrom, Andrew Ladd, Nick Foligno, Pavel Datsyuk

Senators

5 vs 5 Forward 
   Center                   Left Wing                Right Wing               Time % Phy DF OF 
 1 Kyle Turris              Loui Eriksson            Jarome Iginla            35     1   2  2  
 2 Boone Jenner             Tomas Jurco              Phil Kessel              30     1   2  2  
 3 Dave Bolland             Michael Grabner          Zack Kassian             22     1   2  2  
 4 Kyle Chipchura           Bryan Bickell            Mike Santorelli          13     1   2  2  

5 vs 5 Defense 
   Defense                  Defense                                           Time % Phy DF OF 
 1 Dion Phaneuf             Tyler Myers                                       35     1   2  2  
 2 Zach Bogosian            Johnny Oduya                                      30     1   2  2  
 3 Jake Gardiner            Griffin Reinhart                                  22     1   2  2  
 4 Dion Phaneuf             Tyler Myers                                       13     1   2  2  

PowerPlay Forward 
   Center                   Left Wing                Right Wing               Time % Phy DF OF 
 1 Michael Grabner          Boone Jenner             Jarome Iginla            60     1   2  2  
 2 Kyle Turris              Loui Eriksson            Phil Kessel              40     1   2  2  

PowerPlay Defense
   Defense                  Defense                                           Time % Phy DF OF 
 1 Dion Phaneuf             Tyler Myers                                       60     1   2  2  
 2 Zach Bogosian            Johnny Oduya                                      40     1   2  2  

Penalty Kill 4 Players Forward 
   Center                   Wing                     Time % Phy DF OF 
 1 Boone Jenner             Jarome Iginla            60     1   2  2  
 2 Phil Kessel              Kyle Turris              40     1   2  2  

Penalty Kill 4 Players Defense
   Defense                  Defense                  Time % Phy DF OF 
 1 Dion Phaneuf             Tyler Myers              60     1   2  2  
 2 Zach Bogosian            Johnny Oduya             40     1   2  2  

Penalty Kill - 3 Players Forward 
   Forward                                           Time % Phy DF OF 
 1 Phil Kessel                                       60     1   2  2  
 2 Jarome Iginla                                     40     1   2  2  

Penalty Kill - 3 Players Defense
   Defense                  Defense                  Time % Phy DF OF 
 1 Dion Phaneuf             Tyler Myers              60     1   2  2  
 2 Zach Bogosian            Johnny Oduya             40     1   2  2  

4 vs 4 Forward 
   Center                   Wing                     Time % Phy DF OF 
 1 Boone Jenner             Jarome Iginla            60     1   2  2  
 2 Phil Kessel              Kyle Turris              40     1   2  2  

4 vs 4 Defense
   Defense                  Defense                  Time % Phy DF OF 
 1 Dion Phaneuf             Tyler Myers              60     1   2  2  
 2 Zach Bogosian            Johnny Oduya             40     1   2  2  

Last Minutes Offensive
   Center                   Left Wing                Right Wing               Defense                  Defense                  
   Phil Kessel              Boone Jenner             Jarome Iginla            Dion Phaneuf             Tyler Myers              

Last Minutes Defensive
   Center                   Left Wing                Right Wing               Defense                  Defense                  
   Phil Kessel              Boone Jenner             Jarome Iginla            Dion Phaneuf             Tyler Myers              

Goaltenders
Starting : Steve Mason              
Backup : Jacob Markstrom          

Extra Forwards
Normal : Phil Kessel, Jarome Iginla, Michael Grabner - PP : Kyle Turris, Jarome Iginla - PK : Michael Grabner
Extra Defensemen
Normal : Jake Gardiner, Dion Phaneuf, Zach Bogosian - PP : Jake Gardiner - PK : Tyler Myers, Zach Bogosian
Penalty Shots
Loui Eriksson, Jarome Iginla, Phil Kessel, Kyle Turris, Boone Jenner

% Time on Ice - Oilers

Lines # - Real PCT - Wanted PCT - Time Play
Normal Forward
1 - 29% - 33% - 10:35
2 - 31% - 33% - 11:32
3 - 30% - 25% - 11:07
4 - 10% - 9% - 3:40
Normal Defense
1 - 33% - 35% - 12:10
2 - 35% - 35% - 13:00
3 - 32% - 30% - 11:44
4 - 0% - 0% - 0:00
PP Forward
1 - 47% - 50% - 7:02
2 - 53% - 50% - 7:47
PP Defense
1 - 56% - 55% - 8:16
2 - 44% - 45% - 6:33
PK Forward
1 - 55% - 50% - 3:31
2 - 45% - 50% - 2:55
PK Defense
1 - 72% - 60% - 4:36
2 - 28% - 40% - 1:50
PK3 Forward
1 - 0% - 60%
2 - 0% - 40%
PK3 Defense
1 - 0% - 60%
2 - 0% - 40%
44 Forward
1 - 100% - 60% - 1:04
2 - 0% - 40% - 0:00
44 Defense
1 - 55% - 60% - 0:35
2 - 45% - 40% - 0:29
Last Minute Offensive  - 0:00
Last Minute Defensive  - 0:47
Total
Forward - 60:00
Defense - 60:00

% Time on Ice - Senators

Lines # - Real PCT - Wanted PCT - Time Play
Normal Forward
1 - 31% - 35% - 11:20
2 - 26% - 30% - 9:28
3 - 23% - 22% - 8:35
4 - 21% - 13% - 7:37
Normal Defense
1 - 32% - 35% - 11:44
2 - 35% - 30% - 13:03
3 - 30% - 22% - 11:13
4 - 3% - 13% - 1:00
PP Forward
1 - 61% - 60% - 3:56
2 - 39% - 40% - 2:30
PP Defense
1 - 67% - 60% - 4:17
2 - 33% - 40% - 2:09
PK Forward
1 - 77% - 60% - 10:50
2 - 23% - 40% - 3:17
PK Defense
1 - 64% - 60% - 9:05
2 - 36% - 40% - 5:02
PK3 Forward
1 - 100% - 60% - 0:42
2 - 0% - 40% - 0:00
PK3 Defense
1 - 100% - 60% - 0:42
2 - 0% - 40% - 0:00
44 Forward
1 - 81% - 60% - 0:52
2 - 19% - 40% - 0:12
44 Defense
1 - 45% - 60% - 0:29
2 - 55% - 40% - 0:35
Last Minute Offensive  - 0:41
Last Minute Defensive  - 0:00
Total
Forward - 60:00
Defense - 60:00

Play by Play

1st period


0:01 of 1st period - Nicklas Backstrom wins face-off versus Kyle Turris in neutral zone.
0:09 of 1st period - Off-side.
0:10 of 1st period - Kyle Turris wins face-off versus Nicklas Backstrom in neutral zone.
0:38 of 1st period - Minor Penalty to Dion Phaneuf for Boarding.
0:39 of 1st period - Pavel Datsyuk wins face-off versus Boone Jenner in Senators zone.
1:46 of 1st period - Slapshot by Jarome Iginla.
1:46 of 1st period - Stopped by Jaroslav Halak with a rebound.
2:29 of 1st period - Kyle Turris is hit by Jason Demers and loses puck.
2:38 of 1st period - Penalty to Dion Phaneuf is over, Dion Phaneuf is back on ice.
2:56 of 1st period - Icing by Dion Phaneuf.
2:57 of 1st period - David Desharnais wins face-off versus Phil Kessel in Senators zone.
3:22 of 1st period - Michael Grabner is hit by Brayden McNabb and loses puck.
3:49 of 1st period - Dave Bolland is hit by Trevor Lewis and loses puck.
3:58 of 1st period - Patrick Marleau is hit by Zach Bogosian and loses puck.
5:00 of 1st period - Wrist shot by Phil Kessel.
5:00 of 1st period - Shot Blocked by Nick Foligno.
5:02 of 1st period - Snap shot by Boone Jenner.
5:02 of 1st period - Stopped by Jaroslav Halak without a rebound.
5:03 of 1st period - David Desharnais wins face-off versus Boone Jenner in Oilers zone.
5:22 of 1st period - Minor Penalty to Ryan McDonagh for High sticking.
5:23 of 1st period - Nick Bonino wins face-off versus Michael Grabner in Oilers zone.
5:56 of 1st period - Snap shot by Dion Phaneuf.
5:56 of 1st period - Shot Blocked by Patrick Marleau.
6:17 of 1st period - Minor Penalty to Dion Phaneuf for Tripping.
6:18 of 1st period - Nicklas Backstrom wins face-off versus Boone Jenner in Senators zone.
6:48 of 1st period - Boone Jenner is hit by Nicklas Backstrom.
6:52 of 1st period - Slapshot by Pavel Datsyuk.
6:52 of 1st period - Stopped by Steve Mason without a rebound.
6:53 of 1st period - Nicklas Backstrom wins face-off versus Boone Jenner in Senators zone.
7:04 of 1st period - Slapshot by Nicklas Backstrom.
7:04 of 1st period - Shot Misses the Net.
7:18 of 1st period - Jake Gardiner is hit by Jason Demers.
7:22 of 1st period - Penalty to Ryan McDonagh is over, Ryan McDonagh is back on ice.
7:40 of 1st period - Snap shot by Nick Foligno.
7:40 of 1st period - Stopped by Steve Mason without a rebound.
7:41 of 1st period - Boone Jenner wins face-off versus Andrew Ladd in Senators zone.
7:59 of 1st period - Off-side.
8:00 of 1st period - Jarome Iginla wins face-off versus Pavel Datsyuk in neutral zone.
8:17 of 1st period - Penalty to Dion Phaneuf is over, Dion Phaneuf is back on ice.
8:51 of 1st period - Icing by Darren Helm.
8:52 of 1st period - David Desharnais wins face-off versus Dave Bolland in Oilers zone.
8:52 of 1st period - David Desharnais is hit by Zack Kassian.
8:53 of 1st period - David Desharnais from Oilers is injured at 8:53 of 1st period (Broken Bone (Right Leg)).
8:54 of 1st period - Pavel Datsyuk wins face-off versus Kyle Turris in Oilers zone.
9:13 of 1st period - Slapshot by Pavel Datsyuk.
9:13 of 1st period - Stopped by Steve Mason with a rebound.
9:15 of 1st period - Snap shot by Jason Demers.
9:15 of 1st period - Shot Blocked by Tyler Myers.
9:17 of 1st period - Slapshot by Niklas Hjalmarsson.
9:17 of 1st period - Shot Misses the Net.
9:19 of 1st period - Slapshot by Niklas Hjalmarsson.
9:19 of 1st period - Shot Blocked by Kyle Turris.
9:26 of 1st period - Off-side.
9:27 of 1st period - Nicklas Backstrom wins face-off versus Boone Jenner in neutral zone.
9:42 of 1st period - Slapshot by Boone Jenner.
9:42 of 1st period - Deflect By Phil Kessel.
9:42 of 1st period - Shot Misses the Net.
9:42 of 1st period - Puck is out of play.
9:43 of 1st period - Nicklas Backstrom wins face-off versus Boone Jenner in Oilers zone.
11:17 of 1st period - Snap shot by Darren Helm.
11:17 of 1st period - Shot Misses the Net.
11:19 of 1st period - Slapshot by Brayden McNabb.
11:19 of 1st period - Shot Blocked by Loui Eriksson.
11:47 of 1st period - Minor Penalty to Lars Eller for Tripping.
11:48 of 1st period - Milan Michalek wins face-off versus Michael Grabner in Oilers zone.
12:02 of 1st period - Wrist shot by Jarome Iginla.
12:02 of 1st period - Shot Misses the Net.
12:04 of 1st period - Wrist shot by Jarome Iginla.
12:04 of 1st period - Stopped by Jaroslav Halak with a rebound.
12:06 of 1st period - Wrist shot by Boone Jenner.
12:06 of 1st period - Stopped by Jaroslav Halak with a rebound.
12:28 of 1st period - Snap shot by Phil Kessel.
12:28 of 1st period - Shot Misses the Net.
12:40 of 1st period - Michael Grabner is hit by Ryan McDonagh and loses puck.
13:47 of 1st period - Penalty to Lars Eller is over, Lars Eller is back on ice.
13:57 of 1st period - Snap shot by Boone Jenner.
13:57 of 1st period - Stopped by Jaroslav Halak with a rebound.
13:59 of 1st period - Wrist shot by Michael Grabner.
13:59 of 1st period - Shot Blocked by Niklas Hjalmarsson.
14:15 of 1st period - Pavel Datsyuk is hit by Zach Bogosian.
14:38 of 1st period - Snap shot by Brayden Schenn.
14:38 of 1st period - Stopped by Steve Mason with a rebound.
14:40 of 1st period - Slapshot by Brayden McNabb.
14:40 of 1st period - Deflect By Kyle Chipchura.
14:40 of 1st period - Stopped by Steve Mason with a rebound.
15:07 of 1st period - Boone Jenner is hit by Brayden McNabb and loses puck.
15:24 of 1st period - Trevor Lewis is hit by Jake Gardiner and loses puck.
15:37 of 1st period - Snap shot by Trevor Lewis.
15:37 of 1st period - Stopped by Steve Mason with a rebound.
15:39 of 1st period - Wrist shot by Lars Eller.
15:39 of 1st period - Stopped by Steve Mason without a rebound.
15:40 of 1st period - Dave Bolland wins face-off versus Andrew Ladd in Senators zone.
15:54 of 1st period - Wrist shot by Pavel Datsyuk.
15:54 of 1st period - Stopped by Steve Mason with a rebound.
15:56 of 1st period - Slapshot by Niklas Hjalmarsson.
15:56 of 1st period - Stopped by Steve Mason with a rebound.
16:20 of 1st period - Milan Michalek is hit by Jarome Iginla and loses puck.
16:41 of 1st period - Milan Michalek is hit by Kyle Chipchura and loses puck.
17:12 of 1st period - Snap shot by Nicklas Backstrom.
17:12 of 1st period - Stopped by Steve Mason without a rebound.
17:13 of 1st period - Pavel Datsyuk wins face-off versus Dave Bolland in Senators zone.
17:58 of 1st period - Dion Phaneuf is hit by Jason Demers and loses puck.
18:43 of 1st period - Minor Penalty to Andrew MacDonald for Holding.
18:44 of 1st period - Nick Bonino wins face-off versus Kyle Turris in Oilers zone.
19:49 of 1st period - Milan Michalek is hit by Zach Bogosian and loses puck.
19:54 of 1st period - Wrist shot by Jarome Iginla.
19:54 of 1st period - Stopped by Jaroslav Halak without a rebound.
19:55 of 1st period - Nick Bonino wins face-off versus Michael Grabner in Oilers zone.
Goals for this period are 0 for Oilers vs 0 for Senators.
Shots for this period are 10 for Oilers vs 6 for Senators.

2nd period


0:01 of 2nd period - Nick Bonino wins face-off versus Michael Grabner in neutral zone.
0:28 of 2nd period - Wrist shot by Jarome Iginla.
0:28 of 2nd period - Shot Blocked by Nick Bonino.
0:30 of 2nd period - Slapshot by Dion Phaneuf.
0:30 of 2nd period - Shot Misses the Net.
0:32 of 2nd period - Slapshot by Tyler Myers.
0:32 of 2nd period - Shot Blocked by Nick Bonino.
0:34 of 2nd period - Slapshot by Dion Phaneuf.
0:34 of 2nd period - Shot Misses the Net.
0:36 of 2nd period - Slapshot by Tyler Myers.
0:36 of 2nd period - Goal by Tyler Myers - Oilers : 0 - Senators : 1.
0:37 of 2nd period - Kyle Chipchura wins face-off versus Pavel Datsyuk in neutral zone.
0:49 of 2nd period - Wrist shot by Pavel Datsyuk.
0:49 of 2nd period - Goal by Pavel Datsyuk - Oilers : 1 - Senators : 1.
0:50 of 2nd period - Pavel Datsyuk wins face-off versus Kyle Turris in neutral zone.
1:48 of 2nd period - Snap shot by Boone Jenner.
1:48 of 2nd period - Shot Misses the Net.
1:54 of 2nd period - Johnny Oduya is hit by Nick Foligno and loses puck.
2:39 of 2nd period - Wrist shot by Darren Helm.
2:39 of 2nd period - Stopped by Steve Mason without a rebound.
2:40 of 2nd period - Lars Eller wins face-off versus Dave Bolland in Senators zone.
2:55 of 2nd period - Snap shot by Trevor Lewis.
2:55 of 2nd period - Shot Misses the Net.
2:59 of 2nd period - Backhand shot by Trevor Lewis.
2:59 of 2nd period - Stopped by Steve Mason with a rebound.
3:01 of 2nd period - Slapshot by Brayden McNabb.
3:01 of 2nd period - Stopped by Steve Mason with a rebound.
3:03 of 2nd period - Backhand shot by Patrick Marleau.
3:03 of 2nd period - Goal by Patrick Marleau - Oilers : 2 - Senators : 1.
3:04 of 2nd period - Pavel Datsyuk wins face-off versus Kyle Turris in neutral zone.
3:08 of 2nd period - Minor Penalty to Dion Phaneuf for Hooking.
3:09 of 2nd period - Nicklas Backstrom wins face-off versus Boone Jenner in Senators zone.
3:31 of 2nd period - Snap shot by Nick Foligno.
3:31 of 2nd period - Deflect By Boone Jenner.
3:31 of 2nd period - Stopped by Steve Mason with a rebound.
3:33 of 2nd period - Slapshot by James Wisniewski.
3:33 of 2nd period - Shot Misses the Net.
3:35 of 2nd period - Slapshot by James Wisniewski.
3:35 of 2nd period - Goal by James Wisniewski - Oilers : 3 - Senators : 1.
3:36 of 2nd period - Milan Michalek wins face-off versus Zack Kassian in neutral zone.
4:29 of 2nd period - Andrew Ladd is hit by Loui Eriksson and loses puck.
5:16 of 2nd period - Off-side.
5:17 of 2nd period - Boone Jenner wins face-off versus Nicklas Backstrom in neutral zone.
5:31 of 2nd period - Slapshot by Nick Bonino.
5:31 of 2nd period - Shot Blocked by Boone Jenner.
5:33 of 2nd period - Slapshot by Nick Bonino.
5:33 of 2nd period - Shot Misses the Net.
5:35 of 2nd period - Slapshot by James Wisniewski.
5:35 of 2nd period - Shot Blocked by Jake Gardiner.
5:51 of 2nd period - Slapshot by Nick Foligno.
5:51 of 2nd period - Deflect By Nicklas Backstrom.
5:51 of 2nd period - Shot Misses the Net.
5:51 of 2nd period - Puck is out of play.
5:52 of 2nd period - Lars Eller wins face-off versus Kyle Chipchura in Senators zone.
6:19 of 2nd period - Snap shot by Bryan Bickell.
6:19 of 2nd period - Stopped by Jaroslav Halak with a rebound.
6:25 of 2nd period - Lars Eller is hit by Tyler Myers and loses puck.
7:10 of 2nd period - Zach Bogosian is hit by Brayden McNabb.
8:37 of 2nd period - Trevor Lewis is hit by Dion Phaneuf and loses puck.
8:54 of 2nd period - Niklas Hjalmarsson is hit by Boone Jenner and loses puck.
9:39 of 2nd period - Mike Santorelli is hit by Pavel Datsyuk and loses puck.
10:00 of 2nd period - Snap shot by Bryan Bickell.
10:00 of 2nd period - Stopped by Jaroslav Halak with a rebound.
10:12 of 2nd period - Tomas Jurco is hit by Pavel Datsyuk and loses puck.
10:21 of 2nd period - Brayden Schenn is hit by Tomas Jurco and loses puck.
10:38 of 2nd period - Wrist shot by Michael Grabner.
10:38 of 2nd period - Shot Misses the Net.
10:40 of 2nd period - Slapshot by Dion Phaneuf.
10:40 of 2nd period - Shot Blocked by Niklas Hjalmarsson.
10:42 of 2nd period - Slapshot by Tyler Myers.
10:42 of 2nd period - Shot Blocked by Jason Demers.
10:44 of 2nd period - Wrist shot by Tyler Myers.
10:44 of 2nd period - Stopped by Jaroslav Halak without a rebound.
10:45 of 2nd period - Dave Bolland wins face-off versus Lars Eller in Oilers zone.
10:58 of 2nd period - Wrist shot by Zack Kassian.
10:58 of 2nd period - Stopped by Jaroslav Halak with a rebound.
11:08 of 2nd period - Wrist shot by Kyle Turris.
11:08 of 2nd period - Shot Hit the Post.
11:16 of 2nd period - Snap shot by Jarome Iginla.
11:16 of 2nd period - Stopped by Jaroslav Halak without a rebound.
11:17 of 2nd period - Kyle Turris wins face-off versus Nicklas Backstrom in Oilers zone.
11:35 of 2nd period - Minor Penalty to Tyler Myers for Holding.
11:36 of 2nd period - Pavel Datsyuk wins face-off versus Boone Jenner in Senators zone.
11:48 of 2nd period - Snap shot by Pavel Datsyuk.
11:48 of 2nd period - Stopped by Steve Mason with a rebound.
12:10 of 2nd period - Snap shot by Nicklas Backstrom.
12:10 of 2nd period - Shot Misses the Net.
12:52 of 2nd period - Minor Penalty to Dion Phaneuf for Tripping.
12:53 of 2nd period - Phil Kessel wins face-off versus Nicklas Backstrom in Senators zone.
13:35 of 2nd period - Penalty to Tyler Myers is over, Tyler Myers is back on ice.
14:52 of 2nd period - Penalty to Dion Phaneuf is over, Dion Phaneuf is back on ice.
14:57 of 2nd period - Snap shot by Boone Jenner.
14:57 of 2nd period - Stopped by Jaroslav Halak without a rebound.
14:58 of 2nd period - Lars Eller wins face-off versus Kyle Chipchura in Oilers zone.
15:03 of 2nd period - Slapshot by Bryan Bickell.
15:03 of 2nd period - Stopped by Jaroslav Halak without a rebound.
15:04 of 2nd period - Lars Eller wins face-off versus Kyle Chipchura in Oilers zone.
15:04 of 2nd period - Lars Eller is hit by Kyle Chipchura.
15:16 of 2nd period - Wrist shot by Kyle Chipchura.
15:16 of 2nd period - Shot Misses the Net.
15:18 of 2nd period - Snap shot by Kyle Chipchura.
15:18 of 2nd period - Shot Blocked by Lars Eller.
15:20 of 2nd period - Snap shot by Kyle Chipchura.
15:20 of 2nd period - Stopped by Jaroslav Halak without a rebound.
15:21 of 2nd period - Nicklas Backstrom wins face-off versus Dave Bolland in Oilers zone.
15:31 of 2nd period - Jake Gardiner is hit by Andrew MacDonald and loses puck.
16:10 of 2nd period - Snap shot by Milan Michalek.
16:10 of 2nd period - Stopped by Steve Mason with a rebound.
16:12 of 2nd period - Snap shot by Milan Michalek.
16:12 of 2nd period - Shot Blocked by Bryan Bickell.
16:14 of 2nd period - Slapshot by James Wisniewski.
16:14 of 2nd period - Deflect By Milan Michalek.
16:14 of 2nd period - Shot Misses the Net.
16:14 of 2nd period - Puck is out of play.
16:15 of 2nd period - Lars Eller wins face-off versus Kyle Chipchura in Senators zone.
16:41 of 2nd period - Icing by Dion Phaneuf.
16:42 of 2nd period - Kyle Chipchura wins face-off versus Nicklas Backstrom in Senators zone.
16:42 of 2nd period - Kyle Chipchura is hit by Nicklas Backstrom.
16:56 of 2nd period - Snap shot by Bryan Bickell.
16:56 of 2nd period - Stopped by Jaroslav Halak without a rebound.
16:57 of 2nd period - Nicklas Backstrom wins face-off versus Kyle Turris in Oilers zone.
16:57 of 2nd period - Nicklas Backstrom is hit by Johnny Oduya.
17:09 of 2nd period - Snap shot by Nick Bonino.
17:09 of 2nd period - Stopped by Steve Mason with a rebound.
17:11 of 2nd period - Slapshot by Niklas Hjalmarsson.
17:11 of 2nd period - Deflect By Nicklas Backstrom.
17:11 of 2nd period - Shot Blocked by Zach Bogosian.
17:11 of 2nd period - Puck is out of play.
17:12 of 2nd period - Kyle Turris wins face-off versus Brayden Schenn in Senators zone.
17:54 of 2nd period - Minor Penalty to Zach Bogosian for Holding.
17:55 of 2nd period - Pavel Datsyuk wins face-off versus Boone Jenner in Senators zone.
18:26 of 2nd period - Wrist shot by Niklas Hjalmarsson.
18:26 of 2nd period - Shot Misses the Net.
18:46 of 2nd period - Snap shot by Nick Foligno.
18:46 of 2nd period - Shot Blocked by Boone Jenner.
19:01 of 2nd period - Nick Foligno is hit by Phil Kessel and loses puck.
19:10 of 2nd period - Slapshot by Kyle Turris.
19:10 of 2nd period - Stopped by Jaroslav Halak without a rebound.
19:11 of 2nd period - Boone Jenner wins face-off versus Pavel Datsyuk in Oilers zone.
19:54 of 2nd period - Penalty to Zach Bogosian is over, Zach Bogosian is back on ice.
Goals for this period are 3 for Oilers vs 1 for Senators.
Shots for this period are 10 for Oilers vs 11 for Senators.

3rd period


0:01 of 3rd period - Nicklas Backstrom wins face-off versus Kyle Turris in neutral zone.
0:20 of 3rd period - Wrist shot by Nicklas Backstrom.
0:20 of 3rd period - Deflect By Nick Foligno.
0:20 of 3rd period - Stopped by Steve Mason without a rebound.
0:21 of 3rd period - Pavel Datsyuk wins face-off versus Phil Kessel in Senators zone.
0:47 of 3rd period - Snap shot by Boone Jenner.
0:47 of 3rd period - Deflect By James Wisniewski.
0:47 of 3rd period - Shot Blocked by James Wisniewski.
0:47 of 3rd period - Puck is out of play.
0:48 of 3rd period - Nicklas Backstrom wins face-off versus Loui Eriksson in Oilers zone.
1:16 of 3rd period - Snap shot by Nicklas Backstrom.
1:16 of 3rd period - Stopped by Steve Mason with a rebound.
1:40 of 3rd period - Tyler Myers is hit by Milan Michalek and loses puck.
2:04 of 3rd period - Snap shot by Dave Bolland.
2:04 of 3rd period - Stopped by Jaroslav Halak without a rebound.
2:05 of 3rd period - Pavel Datsyuk wins face-off versus Boone Jenner in Oilers zone.
2:05 of 3rd period - Pavel Datsyuk is hit by Boone Jenner.
2:48 of 3rd period - Minor Penalty to Griffin Reinhart for Boarding.
2:49 of 3rd period - Boone Jenner wins face-off versus Nicklas Backstrom in Senators zone.
3:02 of 3rd period - Boone Jenner is hit by Nick Foligno and loses puck.
4:47 of 3rd period - Dion Phaneuf is hit by Andrew Ladd and loses puck.
4:48 of 3rd period - Penalty to Griffin Reinhart is over, Griffin Reinhart is back on ice.
5:30 of 3rd period - Minor Penalty to Zach Bogosian for Hooking.
5:31 of 3rd period - Boone Jenner wins face-off versus Pavel Datsyuk in Senators zone.
5:31 of 3rd period - Boone Jenner is hit by Patrick Marleau.
6:37 of 3rd period - Phil Kessel is hit by Lars Eller and loses puck.
6:52 of 3rd period - Snap shot by Nick Foligno.
6:52 of 3rd period - Shot Hit the Post.
6:54 of 3rd period - Slapshot by Ryan McDonagh.
6:54 of 3rd period - Deflect By Andrew Ladd.
6:54 of 3rd period - Shot Misses the Net.
6:54 of 3rd period - Puck is out of play.
6:55 of 3rd period - Boone Jenner wins face-off versus Nicklas Backstrom in Senators zone.
7:30 of 3rd period - Penalty to Zach Bogosian is over, Zach Bogosian is back on ice.
7:45 of 3rd period - James Wisniewski is hit by Zack Kassian.
7:49 of 3rd period - Michael Grabner is hit by Milan Michalek and loses puck.
7:56 of 3rd period - Andrew MacDonald is hit by Dave Bolland.
8:10 of 3rd period - Snap shot by Darren Helm.
8:10 of 3rd period - Stopped by Steve Mason with a rebound.
8:36 of 3rd period - Snap shot by Milan Michalek.
8:36 of 3rd period - Shot Misses the Net.
8:38 of 3rd period - Snap shot by Darren Helm.
8:38 of 3rd period - Shot Blocked by Kyle Chipchura.
8:40 of 3rd period - Wrist shot by Nick Foligno.
8:40 of 3rd period - Shot Misses the Net.
9:28 of 3rd period - Nick Bonino is hit by Jake Gardiner and loses puck.
10:09 of 3rd period - Slapshot by Brayden Schenn.
10:09 of 3rd period - Shot Blocked by Michael Grabner.
10:26 of 3rd period - Wrist shot by Zach Bogosian.
10:26 of 3rd period - Shot Blocked by Andrew MacDonald.
10:28 of 3rd period - Wrist shot by Mike Santorelli.
10:28 of 3rd period - Shot Misses the Net.
10:30 of 3rd period - Snap shot by Dion Phaneuf.
10:30 of 3rd period - Stopped by Jaroslav Halak without a rebound.
10:31 of 3rd period - Milan Michalek wins face-off versus Kyle Chipchura in Oilers zone.
10:53 of 3rd period - Minor Penalty to Dion Phaneuf for Hooking.
10:54 of 3rd period - Pavel Datsyuk wins face-off versus Boone Jenner in Senators zone.
11:03 of 3rd period - Snap shot by Pavel Datsyuk.
11:03 of 3rd period - Stopped by Steve Mason with a rebound.
11:05 of 3rd period - Slapshot by Ryan McDonagh.
11:05 of 3rd period - Deflect By Pavel Datsyuk.
11:05 of 3rd period - Shot Misses the Net.
11:05 of 3rd period - Puck is out of play.
11:06 of 3rd period - Pavel Datsyuk wins face-off versus Boone Jenner in Senators zone.
11:09 of 3rd period - Wrist shot by Pavel Datsyuk.
11:09 of 3rd period - Goal by Pavel Datsyuk - Oilers : 4 - Senators : 1.
11:10 of 3rd period - Kyle Turris wins face-off versus Lars Eller in neutral zone.
11:45 of 3rd period - Snap shot by Jarome Iginla.
11:45 of 3rd period - Stopped by Jaroslav Halak with a rebound.
12:11 of 3rd period - Wrist shot by Dave Bolland.
12:11 of 3rd period - Shot Misses the Net.
12:13 of 3rd period - Wrist shot by Zack Kassian.
12:13 of 3rd period - Stopped by Jaroslav Halak with a rebound.
12:15 of 3rd period - Slapshot by Zach Bogosian.
12:15 of 3rd period - Shot Misses the Net.
12:17 of 3rd period - Slapshot by Johnny Oduya.
12:17 of 3rd period - Shot Misses the Net.
12:19 of 3rd period - Backhand shot by Johnny Oduya.
12:19 of 3rd period - Stopped by Jaroslav Halak without a rebound.
12:20 of 3rd period - Nicklas Backstrom wins face-off versus Boone Jenner in Oilers zone.
12:22 of 3rd period - Minor Penalty to Jason Demers for Holding Stick.
12:23 of 3rd period - Nick Bonino wins face-off versus Michael Grabner in Oilers zone.
12:35 of 3rd period - Wrist shot by Patrick Marleau.
12:35 of 3rd period - Stopped by Steve Mason without a rebound.
12:36 of 3rd period - Lars Eller wins face-off versus Michael Grabner in Senators zone.
13:36 of 3rd period - Wrist shot by Phil Kessel.
13:36 of 3rd period - Shot Blocked by Nick Bonino.
13:38 of 3rd period - Slapshot by Zach Bogosian.
13:38 of 3rd period - Shot Blocked by Niklas Hjalmarsson.
13:40 of 3rd period - Slapshot by Zach Bogosian.
13:40 of 3rd period - Goal by Zach Bogosian - Oilers : 4 - Senators : 2.
13:41 of 3rd period - Kyle Chipchura wins face-off versus Pavel Datsyuk in neutral zone.
13:49 of 3rd period - Minor Penalty to James Wisniewski for Hooking.
13:50 of 3rd period - Nick Bonino wins face-off versus Michael Grabner in Oilers zone.
14:10 of 3rd period - Wrist shot by Jarome Iginla.
14:10 of 3rd period - Goal by Jarome Iginla - Oilers : 4 - Senators : 3.
14:11 of 3rd period - Boone Jenner wins face-off versus Nicklas Backstrom in neutral zone.
14:19 of 3rd period - Minor Penalty to Boone Jenner for Roughing.
14:20 of 3rd period - Michael Grabner wins face-off versus Nicklas Backstrom in Senators zone.
14:54 of 3rd period - Wrist shot by Nick Foligno.
14:54 of 3rd period - Shot Misses the Net.
15:08 of 3rd period - Ryan McDonagh is hit by Jarome Iginla.
15:16 of 3rd period - Tyler Myers is hit by James Wisniewski.
15:20 of 3rd period - Lars Eller is hit by Zach Bogosian and loses puck.
16:19 of 3rd period - Penalty to Boone Jenner is over, Boone Jenner is back on ice.
16:34 of 3rd period - Wrist shot by Pavel Datsyuk.
16:34 of 3rd period - Stopped by Steve Mason without a rebound.
16:35 of 3rd period - Pavel Datsyuk wins face-off versus Boone Jenner in Senators zone.
16:58 of 3rd period - Slapshot by Phil Kessel.
16:58 of 3rd period - Deflect By Tomas Jurco.
16:58 of 3rd period - Shot Blocked by Darren Helm.
16:58 of 3rd period - Puck is out of play.
16:59 of 3rd period - Mike Santorelli wins face-off versus Nicklas Backstrom in Oilers zone.
17:00 of 3rd period - Slapshot by Bryan Bickell.
17:00 of 3rd period - Stopped by Jaroslav Halak with a rebound.
17:22 of 3rd period - Snap shot by Nick Foligno.
17:22 of 3rd period - Shot Blocked by Dion Phaneuf.
17:24 of 3rd period - Wrist shot by Niklas Hjalmarsson.
17:24 of 3rd period - Shot Blocked by Dion Phaneuf.
17:26 of 3rd period - Wrist shot by Nick Foligno.
17:26 of 3rd period - Shot Blocked by Mike Santorelli.
18:16 of 3rd period - Wrist shot by Brayden Schenn.
18:16 of 3rd period - Shot Blocked by Jake Gardiner.
18:18 of 3rd period - Wrist shot by Andrew Ladd.
18:18 of 3rd period - Shot Misses the Net.
18:29 of 3rd period - Icing by Andrew MacDonald.
18:30 of 3rd period - Brayden Schenn wins face-off versus Boone Jenner in Oilers zone.
19:51 of 3rd period - Senators, Steve Mason is pulled from the net.
19:57 of 3rd period - Andrew Ladd is hit by Dion Phaneuf and loses puck.
Goals for this period are 1 for Oilers vs 2 for Senators.
Shots for this period are 7 for Oilers vs 8 for Senators.